 Dungeon Crawl Stone Soup version 0.17-a0-2127-g1cb09f6 (webtiles) character file.

63970 Ordine the Bludgeoner (level 15, -13/153 HPs)
             Began as an Ogre Berserker on Oct 23, 2015.
             Was a High Priest of Trog.
             Mangled by a chaos spawn (18 damage)
             ... summoned by an orc high priest
             ... on level 4 of the Orcish Mines.
             The game lasted 01:49:09 (35606 turns).

Ordine the Bludgeoner (Ogre Berserker)             Turns: 35606, Time: 01:49:10

Health: -13/153    AC:  7    Str: 31    XL:     15   Next: 11%
Magic:  15/15      EV: 20    Int: 10    God:    Trog [*****.]
Gold:   2468       SH:  0    Dex: 19    Spells: 0 memorised, 14 levels left

rFire  + . .     SeeInvis .     a - +0 giant spiked club
rCold  + . .     Clarity  .     I - +2 robe {rF+}
rNeg   . . .     SustAt   .     (no shield)
rPois  .         Gourm    .     n - +0 hat
rElec  .         Spirit   .     O - +1 cloak
rCorr  +         Warding  .     (gloves unavailable)
rMut   .         Stasis   .     (boots unavailable)
MR     ++...                    H - amulet of resist corrosion
Stlth  ++........               x - ring of Hoepp {rC+ MR+ Dex+4}
                                i - ring "Lief" {+Fly Int+4 Dex+4}

@: drained, very resistant to hostile enchantments, unstealthy
A: unfitting armour, agile 1, frail 1, sense surroundings 1, spit poison 1,
tough skin 1
a: Spit Poison, Berserk, Trog's Hand, Brothers in Arms, Burn Spellbooks,
Renounce Religion, Evoke Flight


You were on level 4 of the Orcish Mines.
You worshipped Trog.
Trog was extremely pleased with you.
You were not hungry.

You visited 4 branches of the dungeon, and saw 24 of its levels.

You collected 2701 gold pieces.
You spent 233 gold pieces at shops.

Inventory:

Hand Weapons
 a - a +0 giant spiked club (weapon)
 s - a +1 blowgun
Missiles
 d - 4 curare-tipped needles
 e - 61 tomahawks
 k - 6 needles of sleeping
 o - 74 poisoned needles
 z - 15 silver javelins
 B - 3 throwing nets
 D - 7 javelins of returning
 F - 7 steel javelins
 G - a javelin
 K - 6 needles of frenzy
 M - 3 tomahawks of returning
 N - 6 large rocks (quivered)
 Q - 8 needles of slowing
 W - 10 javelins of penetration
Armour
 n - a +0 hat (worn)
 I - a +2 robe of fire resistance (worn)
 O - a +1 cloak (worn)
Jewellery
 i - the ring "Lief" (left hand) {+Fly Int+4 Dex+4}
   (You found it on level 1 of the Lair of Beasts)

   [ring of flight]

   It affects your intelligence (+4).
   It affects your dexterity (+4).
   It lets you fly.
 m - an uncursed ring of poison resistance
 w - an uncursed ring of positive energy
 x - the ring of Hoepp (right hand) {rC+ MR+ Dex+4}
   (You found it on level 4 of the Lair of Beasts)

   [ring of protection from cold]

   It affects your dexterity (+4).
   It protects you from cold.
   It affects your resistance to hostile enchantments.
 y - an uncursed amulet of resist mutation
 H - an amulet of resist corrosion (around neck)
Wands
 p - a wand of draining (7)
 C - a wand of hasting (6)
Scrolls
 g - 6 scrolls of fear
 l - 3 scrolls of teleportation
 q - 4 scrolls of identify
 r - 2 scrolls of blinking
 t - 6 scrolls of remove curse
 A - a scroll of enchant weapon
Potions
 h - 7 potions of agility
 j - a potion of cancellation
 v - 3 potions of resistance
 L - 2 potions of might
 P - a potion of invisibility
Miscellaneous
 u - a phial of floods
Comestibles
 b - 8 chunks of flesh
 f - 4 fruits
 E - a bread ration
 J - a royal jelly


   Skills:
 - Level 16.0(15.5) Fighting
 - Level 18.1(17.7) Maces & Flails
 + Level 11.5(11.1) Throwing
 - Level 12.8(12.4) Dodging


You had 14 spell levels left.
You didn't know any spells.

Dungeon Overview and Level Annotations

Branches:
Dungeon (11/15)            Temple (1/1) D:5            Lair (8/8) D:8
  Swamp (0/4) Lair:3       Spider (0/4) Lair:3        Slime (0/6) Lair:7
    Orc (4/4) D:11            Elf (0/3) Orc:3

Altars:
Ashenzari
Cheibriados
Dithmenos
Elyvilon
Fedhas
Gozag
Kikubaaqudgha
Makhleb
Nemelex Xobeh
Okawaru
Qazlal
Ru
Sif Muna
Trog
Vehumet
Xom
Yredelemnul
Zin
The Shining One
Beogh
Jiyva

Shops:
D:8 (   Orc:3 !!!   Orc:4 (

Annotations:
D:8 ice res
Orc:4 2 exclusions


Innate Abilities, Weirdness & Mutations

You are too large for most types of armour.
You have tough skin (AC +1).
You are agile. (Dex +2)
You are frail (-10% HP).
You passively map a small area around you.
You can spit weak poison.


Message History

The orange demon disappears in a puff of smoke!
The sun demon hits you!
* * * LOW HITPOINT WARNING * * *
You are engulfed in flames!
You resist.
* * * LOW HITPOINT WARNING * * *
The orc high priest hits you but does no damage.
Unknown command.
You barely miss the orc high priest.
The orc high priest is moderately wounded.
The sun demon hits you!!
* * * LOW HITPOINT WARNING * * *
You are engulfed in flames.
You resist.
* * * LOW HITPOINT WARNING * * *
Unknown command.
You closely miss the orc high priest.
The orc high priest is moderately wounded.
The orc high priest hits you with a broad axe.
* * * LOW HITPOINT WARNING * * *
The sun demon barely misses you. The chaos spawn hits you!!
You die...

..........................).....#
..........)...........#....).#...
.......))..)...............####..
...)....).).........#...#.###....
.........)...............####....
........)................##.#....
.......)))[.))..........##.......
)).............4)3......###...#.#
)))............o@)..#...##.......
#)))...........3#....#........)..
#......)........#....##.##.##....
#######...#######.....######....)
# ##.......## #.##.## ##.#).
#..#...#..# ###### ##...
##.........## #.... #...#...#...#
##.... ##...........## ####.....


You could see an orc high priest, a sun demon, a rust devil and a chaos spawn.

Vanquished Creatures
  Gastronok (Lair:3)
  6 hydras
  A catoblepas (Lair:7)
  5 death yaks
  A hill giant (D:11)
  3 orc knights
  3 orc sorcerers
  The ghost of pajak713 the Thaumaturge, a novice GrEE of Vehumet (D:7)
  2 ugly things (D:11)
  A griffon (Lair:7)
  3 elephants
  Maurice (D:11)
  Joseph (D:7)
  A gargoyle (D:9)
  15 spiny frogs
  4 black mambas
  3 torpor snails (Lair:8)
  4 fire drakes
  6 komodo dragons
  3 polar bears
  Prince Ribbit (D:10)
  4 boulder beetles
  8 blink frogs
  9 spriggans (Lair:8)
  Sigmund (D:6)
  A steam dragon (D:9)
  3 redbacks (Lair:8)
  6 basilisks
  A wyvern (D:10)
  51 yaks
  7 hippogriffs
  A hungry ghost (D:7)
  25 wolves
  Menkaure (D:5)
  4 wargs
  14 water moccasins
  2 phantoms
  8 porcupines
  2 ice beasts
  6 sky beasts
  4 wasps (Lair:8)
  7 black bears
  An eye of draining (D:11)
  3 centaurs
  13 ogres
  12 orc warriors
  19 crocodiles
  24 giant frogs
  A gnoll sergeant (D:5)
  3 killer bees (D:9)
  5 scorpions
  A wight (D:11)
  4 centaur zombies
  An electric eel (Lair:8)
  35 orc priests
  6 jellies
  29 orc wizards
  4 crimson imps
  5 hounds
  A giant frog zombie (D:9)
  5 iguanas
  2 centaur skeletons (D:4)
  A gnoll shaman (D:9)
  A giant frog skeleton (D:8)
  8 hell rats
  10 worker ants
  24 sheep
  A hound skeleton (D:8)
  17 gnolls
  79 river rats
  12 adders
  A shadow imp (D:8)
  An adder zombie (D:6)
  10 oozes
  4 worms (D:2)
  133 orcs
  4 giant cockroaches
  7 hobgoblins
  13 jackals
  9 kobolds
  5 quokkas
  2 ball pythons
  9 bats
  7 giant geckos
  9 giant newts
  10 goblins
  2 quokka zombies
  7 rats
  2 plants
793 creatures vanquished.

Vanquished Creatures (collateral kills)
  6 death yaks
  An elephant (Lair:4)
  A spiny frog (Lair:4)
  A spriggan druid (Lair:8)
  2 polar bears (Lair:8)
  7 blink frogs
  2 redbacks (Lair:8)
  6 spriggans (Lair:8)
  A basilisk (Lair:4)
  5 yaks
  2 wolves (Lair:8)
  A water moccasin (Lair:6)
  A black bear (Lair:8)
  4 giant frogs
40 creatures vanquished.

Vanquished Creatures (others)
  44 fungi
  10 plants
54 creatures vanquished.

Grand Total: 887 creatures vanquished

Notes
Turn   | Place    | Note
--------------------------------------------------------------
     0 | D:1      | Ordine the Ogre Berserker began the quest for the Orb.
     0 | D:1      | Reached XP level 1. HP: 24/24 MP: 1/1
   242 | D:1      | Reached XP level 2. HP: 6/32 MP: 2/2
   679 | D:1      | Gained mutation: You can spit weak poison. [potion of beneficial mutation]
  1215 | D:2      | Reached ** piety under Trog
  1215 | D:2      | Reached XP level 3. HP: 27/40 MP: 3/3
  1698 | D:2      | Reached skill level 5 in Fighting
  1698 | D:2      | Reached skill level 5 in Maces & Flails
  1781 | D:2      | Found a bloodstained altar of Trog.
  1841 | D:2      | Reached XP level 4. HP: 39/50 MP: 4/4
  2503 | D:3      | Reached XP level 5. HP: 51/59 MP: 5/5
  2512 | D:3      | Reached *** piety under Trog
  2553 | D:3      | Reached skill level 6 in Maces & Flails
  3393 | D:4      | Reached XP level 6. HP: 10/68 MP: 6/6
  3725 | D:4      | Reached skill level 7 in Maces & Flails
  4170 | D:4      | Reached XP level 7. HP: 51/79 MP: 7/7
  4247 | D:4      | Reached **** piety under Trog
  4398 | D:4      | Found a shimmering altar of Xom.
  4495 | D:4      | Reached skill level 8 in Maces & Flails
  4588 | D:5      | Entered Level 5 of the Dungeon
  4588 | D:5      | Found a glowing silver altar of Zin.
  4949 | D:5      | Reached skill level 9 in Maces & Flails
  5587 | D:5      | Found a burning altar of Makhleb.
  5589 | D:5      | Noticed a green death
  5640 | D:5      | Noticed Menkaure
  5644 | D:5      | Killed Menkaure
  5644 | D:5      | Reached XP level 8. HP: 89/89 MP: 8/8
  5760 | D:5      | Reached skill level 10 in Maces & Flails
  5851 | D:5      | Found a staircase to the Ecumenical Temple.
  5874 | Temple   | Entered the Ecumenical Temple
  7216 | D:6      | Reached skill level 11 in Maces & Flails
  7451 | D:6      | HP: 4/93 [iguana (9)]
  7865 | D:6      | Reached skill level 10 in Fighting
  7981 | D:6      | Found a sacrificial altar of Ru.
  7988 | D:6      | Reached XP level 9. HP: 96/101 MP: 9/9
  8223 | D:6      | Got a dull robe
  8234 | D:6      | Identified the +2 robe of Tylutt {Str-4 Int+5 Dex+4} (You found it on level 6 of the Dungeon)
  8255 | D:6      | Noticed Sigmund
  8307 | D:6      | Killed Sigmund
  8307 | D:6      | Reached skill level 12 in Maces & Flails
  8991 | D:7      | Noticed Joseph
  9238 | D:7      | Killed Joseph
  9386 | D:7      | Reached skill level 13 in Maces & Flails
  9387 | D:7      | Received a gift from Trog
  9485 | D:7      | Noticed pajak713's ghost (novice GrEE)
  9501 | D:7      | Killed pajak713's ghost
  9771 | D:7      | Reached skill level 14 in Maces & Flails
  9771 | D:7      | Reached XP level 10. HP: 109/114 MP: 10/10
  9890 | D:7      | Identified a +0 rod of ignition (9/9) (You found it on level 7 of the Dungeon)
 10034 | D:7      | Found an ancient bone altar of Kikubaaqudgha.
 10035 | D:7      | Found an opulent altar of Gozag.
 10109 | D:7      | Reached skill level 1 in Throwing
 10220 | D:8      | Found a staircase to the Lair.
 10268 | D:8      | Found Liasecigaj's Antique Weapon Shop.
 10506 | D:8      | Found a white marble altar of Elyvilon.
 10829 | D:8      | Found a blossoming altar of Fedhas.
 11818 | D:9      | Got a twisted halberd
 11819 | D:9      | Identified the cursed +1 halberd "Baucorgho" {venom, rF- Str-3 Int+2 SInv} (You found it on level 9 of the Dungeon)
 11848 | D:9      | Found an iron altar of Okawaru.
 12043 | Lair:1   | Entered Level 1 of the Lair of Beasts
 12474 | D:8      | Reached skill level 5 in Dodging
 12481 | D:8      | Reached XP level 11. HP: 96/127 MP: 11/11
 12686 | D:8      | Reached skill level 5 in Throwing
 13009 | Lair:1   | Received a gift from Trog
 13662 | Lair:1   | Reached ***** piety under Trog
 13995 | Lair:1   | Received a gift from Trog
 14047 | Lair:1   | You fall through a shaft!
 14491 | Lair:1   | Noticed a six-headed hydra
 14493 | Lair:1   | Killed a six-headed hydra
 15151 | Lair:1   | Got a scorched ivory ring
 15152 | Lair:1   | Identified the ring "Lief" {+Fly Int+4 Dex+4} (You found it on level 1 of the Lair of Beasts)
 15353 | Lair:1   | Noticed a four-headed hydra
 15355 | Lair:1   | Killed a four-headed hydra
 15355 | Lair:1   | Reached XP level 12. HP: 75/140 MP: 12/12
 16017 | Lair:2   | Reached skill level 15 in Fighting
 17011 | Lair:2   | Received a gift from Trog
 17294 | Lair:3   | Found a hole to the Spider Nest.
 17906 | Lair:3   | Noticed Gastronok
 17927 | Lair:3   | Killed Gastronok
 18550 | Lair:3   | Found a staircase to the Swamp.
 19686 | Lair:4   | Reached skill level 10 in Throwing
 19726 | Lair:4   | Got a steaming glass ring
 19727 | Lair:4   | Identified the ring of Hoepp {rC+ MR+ Dex+4} (You found it on level 4 of the Lair of Beasts)
 19853 | Lair:4   | Noticed a seven-headed hydra
 19859 | Lair:4   | Killed a seven-headed hydra
 19859 | Lair:4   | Reached XP level 13. HP: 149/149 MP: 13/13
 20125 | Lair:5   | Received a gift from Trog
 20876 | Lair:5   | Reached skill level 10 in Dodging
 20882 | Lair:5   | Reached skill level 15 in Maces & Flails
 20926 | Lair:5   | HP: 7/149 [yak (4)]
 20967 | Lair:5   | Got a faintly glowing trident
 20968 | Lair:5   | Identified the +7 trident of Pohar {antimagic, rElec rF+ rN+} (You found it on level 5 of the Lair of Beasts)
 21520 | Lair:5   | Received a gift from Trog
 22312 | Lair:6   | Received a gift from Trog
 23753 | Lair:7   | Reached skill level 16 in Maces & Flails
 24464 | Lair:7   | Received a gift from Trog
 25273 | Lair:7   | Reached skill level 17 in Maces & Flails
 25273 | Lair:7   | Reached XP level 14. HP: 159/159 MP: 14/14
 25441 | Lair:7   | Found a staircase to the Slime Pits.
 25442 | Lair:7   | Found a viscous altar of Jiyva.
 25823 | Lair:8   | Entered Level 8 of the Lair of Beasts
 27240 | Lair:8   | Reached skill level 18 in Maces & Flails
 27271 | Lair:8   | Paralysed by a wasp for 2 turns
 27405 | Lair:8   | Received a gift from Trog
 28201 | Lair:8   | Found a snail-covered altar of Cheibriados.
 28681 | Lair:8   | Received a gift from Trog
 29640 | Lair:2   | Gained mutation: You are agile. (Dex +2) [potion of mutation]
 29640 | Lair:2   | Gained mutation: You passively map a small area around you. [potion of mutation]
 29640 | Lair:2   | Gained mutation: You are frail (-10% HP). [potion of mutation]
 29774 | D:10     | Entered Level 10 of the Dungeon
 30053 | D:10     | Noticed Prince Ribbit
 30065 | D:10     | Killed Prince Ribbit
 30180 | D:10     | Received a gift from Trog
 30741 | D:11     | Found a staircase to the Orcish Mines.
 31209 | D:11     | Noticed Maurice
 31219 | D:11     | Killed Maurice
 31687 | Orc:1    | Entered Level 1 of the Orcish Mines
 32390 | Orc:2    | Found a roughly hewn altar of Beogh.
 32402 | Orc:2    | Received a gift from Trog
 32867 | Orc:3    | Found Yhiepn's Distillery.
 32914 | Orc:3    | Received a gift from Trog
 32915 | Orc:3    | Found Qoliph's Distillery.
 32960 | Orc:3    | Bought a potion of berserk rage for 65 gold pieces
 32979 | Orc:3    | Bought a potion of might for 56 gold pieces
 32979 | Orc:3    | Bought a potion of agility for 56 gold pieces
 32979 | Orc:3    | Bought a potion of might for 56 gold pieces
 32987 | Orc:3    | Found Puru's Distillery.
 32993 | Orc:3    | Found a staircase to the Elven Halls.
 33261 | Orc:3    | Found a bloodstained altar of Trog.
 33274 | Orc:3    | Received a gift from Trog
 33431 | Orc:2    | Reached XP level 15. HP: 116/153 MP: 15/15
 33706 | Orc:4    | Entered Level 4 of the Orcish Mines
 33732 | Orc:4    | Found Xiemp's Antique Weapon Emporium.
 33938 | Orc:4    | Found a roughly hewn altar of Beogh.
 34662 | Orc:4    | Received a gift from Trog
 35606 | Orc:4    | HP: 5/153 [orc high priest/broad axe (5)]
 35606 | Orc:4    | Mangled by a chaos spawn

Vault maps used:
D:1:      mrwooster_arrival_statue
D:2:      bloody_trog
D:4:      xom_teletrap_fun, minivault_1, st_stairs_14
D:5:      lemuel_crystal_altar, temple_green, first_bread,
          makhleb_altar_promises_db, uniq_menkaure
D:6:      nicolae_ru_great_annihilating_truth, uniq_sigmund
D:7:      gammafunk_temple_overflow_pools, grunt_decor_fettered,
          uniq_prince_ribbit1, uniq_joseph
D:8:      lemuel_ice_spiral_2, lemuel_doored_altar, lair_0_dummy, serial_shops,
          shop, hangedman_little_slice_of_home, fedhas_altar_fruit_tree
D:9:      enter_bailey_2, okawaru_gym_becter
D:11:     orc_0_dummy, st_stairs_11, uniq_maurice
Temple:   minmay_temple_forest_path_12
Lair:1:   kennysheep_rathole, lemuel_fruit_fields
Lair:3:   boulder_dual_corridor_run, minmay_swamp_entry_worms,
          dummy_spider_entry, infiniplex_staircase_pool_2, uniq_gastronok
Lair:4:   kennysheep_basilisk_garden
Lair:5:   beast_lair_carwin_large_1, cheibrodos_lair_reptile_den
Lair:7:   beast_lair_carwin_large_3, slime_altar_1
Lair:8:   minmay_lair_end_enchanted_forest, kennysheep_snail_temple,
          serial_bayou_shore_a, infiniplex_staircase_pool
Orc:2:    basic_altar
Orc:3:    serial_shops, shop, shop, shop, nicolae_orc_pool_cavern,
          trog_hazing_becter
Orc:4:    st_orc_pillars, basic_altar, serial_shops, shop

Action                   |  1- 3 |  4- 6 |  7- 9 | 10-12 | 13-15 || total
-------------------------+-------+-------+-------+-------+-------++-------
Melee: Mace              |   138 |   109 |   317 |       |       ||   564
       Flail             |       |   136 |   107 |   878 |  1041 ||  2162
       Giant spiked club |       |       |       |       |   447 ||   447
 Fire: Blowgun           |       |       |     9 |     5 |       ||    14
Throw: Javelin           |       |       |    18 |     6 |    14 ||    38
       Tomahawk          |       |       |     2 |    13 |     7 ||    22
       Large rock        |       |       |       |    55 |    37 ||    92
Invok: Berserk           |       |       |     1 |     8 |     8 ||    17
       Trog's Hand       |       |       |       |     5 |     3 ||     8
       Brothers in Arms  |       |       |       |     3 |     8 ||    11
       Burn Spellbooks   |       |       |       |     2 |     5 ||     7
  Use: Scroll            |     5 |     9 |     7 |     7 |     9 ||    37
       Potion            |     2 |     2 |     4 |     2 |     7 ||    17
 Stab: Distracted        |       |     1 |       |       |     1 ||     2
       Invisible         |       |       |     1 |       |       ||     1
       Paralysed         |       |       |     1 |       |       ||     1
       Sleeping          |       |       |       |     2 |     2 ||     4
       Petrified         |       |       |       |       |     3 ||     3
  Eat: Chunk             |     3 |     8 |    17 |    31 |    54 ||   113
       Fruit             |       |       |     1 |     5 |     7 ||    13
       Beef jerky        |       |       |     2 |     2 |     1 ||     5
       Pizza             |       |       |       |     2 |       ||     2
       Royal jelly       |       |       |       |     1 |       ||     1
